 Dungeon Crawl Stone Soup version 0.19.4-12-gccf7e64 (webtiles) character file.

34 vatarom the Charmwright (level 3, -2/27 HPs)
             Began as a Merfolk Skald on Feb 27, 2017.
             Slain by Natasha (3 damage)
             ... on level 2 of the Dungeon.
             The game lasted 00:03:15 (1242 turns).

vatarom the Charmwright (Merfolk Skald)             Turns: 1242, Time: 00:03:16

Health: -2/27      AC:  3    Str: 12    XL:     3   Next: 31%
Magic:  3/6        EV: 13    Int: 11    God:
Gold:   34         SH:  0    Dex: 14    Spells: 3 memorised, 0 levels left

rFire  . . .     SeeInvis .     a - +0 spear
rCold  . . .     Gourm    .     b - +0 leather armour
rNeg   . . .     Faith    .     (no shield)
rPois  .         Spirit   .     (no helmet)
rElec  .         Reflect  .     (no cloak)
rCorr  .         Harm     .     (no gloves)
MR     .....                    (no boots)
Stlth  +.........               (no amulet)
                                (no ring)
                                (no ring)

@: slowed, very slow
A: change form in water, swift swim, stealthy swim
a: no special abilities


You were on level 2 of the Dungeon.
You were not hungry.

You visited 1 branch of the dungeon, and saw 2 of its levels.

You collected 34 gold pieces.

Inventory:

Hand Weapons
 a - a +0 spear (weapon)
Missiles
 f - 4 javelins of returning (quivered)
Armour
 b - a +0 leather armour (worn)
Scrolls
 e - a scroll of remove curse
 h - a scroll of recharging
Books
 c - a book of Battle

   Spells                             Type                      Level
   a - Infusion                       Charms                       1
   b - Shroud of Golubria             Charms/Translocation         2
   c - Song of Slaying                Charms                       2
   d - Spectral Weapon                Hexes/Charms                 3
   e - Regeneration                   Charms/Necromancy            3
Comestibles
 d - 3 bread rations


   Skills:
 - Level 2.1 Fighting
 + Level 3.1 Polearms
 - Level 0.6 Armour
 - Level 3.1 Dodging
 - Level 2.0 Spellcasting
 + Level 4.0 Charms


You couldn't memorise any spells.
You knew the following spells:

 Your Spells              Type           Power        Failure   Level  Hunger
a - Infusion              Chrm           #...         10%         1    ##.....
b - Shroud of Golubria    Chrm/Tloc      #.........   24%         2    ###....
c - Spectral Weapon       Hex/Chrm       #.......     50%         3    ####...


Dungeon Overview and Level Annotations

Branches:
Dungeon (2/15)

Altars:

Annotations:
D:2 Natasha


Message History

You swap places.
Natasha claws your spectral weapon!
Your spectral weapon shares its damage with you!
* * * LOW HITPOINT WARNING * * *
Natasha claws your spectral weapon but does no damage.
Unknown command.
Attack whom?
Press: ? - help, Dir - move target cursor, f - Natasha
Aim: Natasha You could not reach far enough!
Natasha claws your spectral weapon.
Your spectral weapon shares its damage with you!
Your spectral weapon fades away.
* * * LOW HITPOINT WARNING * * *
You aren't carrying any potions.
Attack whom?
Press: ? - help, Dir - move target cursor, f/p - Natasha
Aim: Natasha You reach to attack!
You hit Natasha.
Natasha is lightly wounded.
Natasha claws you.
You die...

#######.####.....#
#.# #.#<#.#####
#.# #.#)......#
#.# #.###.###.#
#.# #.....# #.#
####### #.#
#.###########
#......@h5..#
###########.# #.#
#.# #h# #.# ...
###.. ...


You could see Natasha and a crimson imp.

Vanquished Creatures
  A worm (D:2)
  A dart slug (D:1)
  2 leopard geckos (D:1)
  A bat (D:1)
  A giant cockroach (D:1)
  2 goblins
  8 hobgoblins (D:1)
  2 kobolds (D:1)
  3 frilled lizards (D:1)
  3 rats (D:1)
24 creatures vanquished.

Vanquished Creatures (others)
  A spectral weapon (D:2)
1 creature vanquished.

Grand Total: 25 creatures vanquished

Notes
Turn   | Place    | Note
-------+----------+-------------------------------------------
     0 | D:1      | vatarom the Merfolk Skald began the quest for the Orb.
     0 | D:1      | Reached XP level 1. HP: 16/16 MP: 3/3
    82 | D:1      | Reached XP level 2. HP: 10/22 MP: 5/5
   289 | D:1      | Learned a level 2 spell: Shroud of Golubria
   844 | D:1      | Reached XP level 3. HP: 27/27 MP: 6/6
   849 | D:1      | Learned a level 3 spell: Spectral Weapon
  1197 | D:2      | Reached skill level 4 in Charms
  1226 | D:2      | Noticed Natasha
  1241 | D:2      | HP: 1/27 [Natasha (2)]
  1242 | D:2      | Slain by Natasha

Skill      XL: |  1  2  3 |
---------------+----------+-----
Dodging        | 2 3 |  3.1
Charms         | 4 |  4.0
Fighting       | |  2.1
Polearms       | |  3.1
Armour         | |  0.6
Spellcasting   | |  2.0

Action                   || total
-------------------------++-------
Melee: Spear             ||   115
       Tailslap          ||     2
 Cast: Shroud of Golubri ||     4
       Infusion          ||     1
       Spectral Weapon   ||     1
  Use: Scroll            ||     5
       Potion            ||     3
 Stab: Sleeping          ||     1
  Eat: Bread ration      ||     1
       Chunk             ||     1
Armor: Leather armour    ||    11
Dodge: Dodged            ||    47
